 Dungeon Crawl Stone Soup version 0.23.2 (webtiles) character file.

Game seed: 12495230298119994577

56 Marnok the Insei (level 3, -1/28 HPs)
             Began as a Demigod Transmuter on Apr 4, 2019.
             Slain by a hobgoblin
             ... wielding a +0 club
              (5 damage)
             ... on level 2 of the Dungeon.
             The game lasted 00:05:09 (1382 turns).

Marnok the Insei (Demigod Transmuter)               Turns: 1382, Time: 00:05:09

Health: -1/28      AC:  2    Str: 12 (13) XL:     3   Next: 47%
Magic:  5/8        EV: 13    Int: 17 (19) God:
Gold:   118        SH:  0    Dex: 16 (18) Spells: 3/6 levels left

rFire    . . .     SeeInvis .   n - +2 mace (drain)
rCold    + . .     Gourm    .   (no shield)
rNeg     . . .     Faith    .   b - +0 robe
rPois    .         Spirit   .   (no helmet)
rElec    .         Reflect  .   (no cloak)
rCorr    .         Harm     .   (no gloves)
MR       .....                  (boots currently unavailable)
Stlth    ++........             (no amulet)
HPRegen  0.09/turn              (no ring)
MPRegen  0.11/turn              (no ring)

@: lethally poisoned (-1 -> -6), appendage
A: talons 3, agile 1, cold resistance 1, high mp 1, MP-powered wands
a: End Transformation


You were on level 2 of the Dungeon.
You were not hungry.
You had grown temporary talons.
You visited 1 branch of the dungeon, and saw 2 of its levels.

You collected 118 gold pieces.

Inventory:

Hand Weapons
 e - a +0 club
 n - a +2 mace of draining (weapon)
Missiles
 a - 22 arrows
Armour
 b - a +0 robe (worn)
Scrolls
 c - a scroll of remove curse {unknown}
 f - a scroll of magic mapping {unknown}
 g - a scroll of immolation {unknown}
 i - a scroll of fog {unknown}
 j - a scroll of teleportation {unknown}
 k - a scroll of fear {unknown}
 m - a scroll of blinking {unknown}
 o - a scroll of enchant armour {unknown}
Comestibles
 d - 4 rations


   Skills:
 + Level 1.2 Fighting
 + Level 0.5 Maces & Flails
 + Level 2.0 Dodging
 + Level 0.2 Stealth
 + Level 3.3 Unarmed Combat
 + Level 2.0 Spellcasting
 + Level 2.3 Transmutations


You had 3 spell levels left.
You knew the following spells:

 Your Spells              Type           Power        Failure   Level  Hunger
a - Beastly Appendage     Tmut           #.....       8%          1    #......
b - Sticks to Snakes      Tmut           #.......     12%         2    ###....

Your spell library contained the following spells:

 Spells                   Type           Power        Failure   Level  Hunger
 Spider Form              Tmut/Pois      #.........   36%         3    ###....
 Ice Form                 Ice/Tmut       #.......     77%         4    #####..
 Blade Hands              Tmut           #.........   91%         5    ######.


Dungeon Overview and Level Annotations

Branches:
Dungeon (2/15)


Innate Abilities, Weirdness & Mutations

You have an increased reservoir of magic. (+10% MP)
You have claws for feet.
You are agile. (Dex +2)
Your flesh is cold resistant. (rC+)
You expend magic power (3 MP) to strengthen your wands.


Message History

The adder bites you but does no damage.
You hit the hobgoblin. You drain the hobgoblin.
You kill the hobgoblin!
The hobgoblin closely misses you. The adder barely misses you.
The adder bites you.
* * * LOW HITPOINT WARNING * * *
You are poisoned.
The adder poisons you! The hobgoblin hits you with a +0 club.
* * * LOW HITPOINT WARNING * * *
Your ball python barely misses the adder.
Your ball python misses the adder.
It was a potion of degeneration.
There was something very wrong with that liquid.
You feel weakened.
You feel dopey.
You feel clumsy.
* * * LOW HITPOINT WARNING * * *
You feel sick. The adder barely misses you.
Your ball python bites the adder but does no damage.
Your ball python closely misses the adder.
The hobgoblin hits you with a +0 club.
You die...

...#..#
.....#...#.#
.###....##..#.##
.......##>....#
#.....##.....
#..[..##.....
#..sg†S...#
#@S#.########
##..........#
#....######.#
......#.# #.#
#......#+# #.#
#.#..... #.#
#........ #.#
##......< #.#
##....... #.#


You could see an adder, a giant cockroach, a hobgoblin and a friendly ball
python.

Vanquished Creatures
  An adder (D:2)
  An ooze (D:1)
  2 leopard geckos (D:1)
  3 bats (D:1)
  2 giant cockroaches (D:1)
  3 goblins (D:1)
  9 hobgoblins
  6 jackals (D:1)
  A frilled lizard (D:1)
  3 rats (D:1)
31 creatures vanquished.

Vanquished Creatures (collateral kills)
  4 hobgoblins (D:1)
  A frilled lizard (D:2)
5 creatures vanquished.

Grand Total: 36 creatures vanquished

Notes
Turn   | Place    | Note
-------+----------+-------------------------------------------
     0 | D:1      | Marnok the Demigod Transmuter began the quest for the Orb.
     0 | D:1      | Reached XP level 1. HP: 15/15 MP: 5/5
   247 | D:1      | Gained mutation: You are agile. (Dex +2) [potion of
                  | mutation]
   247 | D:1      | Gained mutation: Your flesh is cold resistant. (rC+)
                  | [potion of mutation]
   247 | D:1      | Gained mutation: You expend magic power (3 MP) to
                  | strengthen your wands. [potion of mutation]
   250 | D:1      | Reached skill level 3 in Unarmed Combat
   250 | D:1      | Reached XP level 2. HP: 14/22 MP: 5/7
   525 | D:1      | Learned a level 2 spell: Sticks to Snakes
   894 | D:1      | Reached skill level 1 in Fighting
   905 | D:1      | Reached XP level 3. HP: 21/28 MP: 8/8
  1382 | D:2      | Slain by a hobgoblin

Skill      XL: |  1  2  3 |
---------------+----------+-----
Unarmed Combat | 3 |  3.3
Transmutations | 2 |  2.3
Fighting       | 1 |  1.2
Spellcasting   | 2 |  2.0
Dodging        | 2 |  2.0
Maces & Flails | |  0.5
Stealth        | |  0.2

Action                   || total
-------------------------++-------
Melee: Club              ||    35
       Kick              ||     8
       Unarmed           ||     2
       Mace              ||    36
       Headbutt          ||     1
 Cast: Beastly Appendage ||     5
       Sticks to Snakes  ||     7
  Use: Potion            ||     3
 Stab: Sleeping          ||     2
  Eat: Chunk             ||     2
Armor: Robe              ||    15
Dodge: Dodged            ||    72
